 Dungeon Crawl Stone Soup version 0.30.1-3-gfc49f6343a (webtiles) character file.

Game seed: 8185073135613616924

122293 cheesebisquit the Wrestler (level 16, -9/170 HPs)
             Began as a Troll Fighter on July 25, 2023.
             Was the Champion of Wu Jian.
             Mangled by Donald
             ... wielding a +3 scimitar of electrocution
              (18 damage)
             ... on level 2 of the Shoals.
             The game lasted 01:33:53 (26530 turns).

cheesebisquit the Wrestler (Troll Fighter)         Turns: 26530, Time: 01:33:53

Health: -9/170     AC: 17    Str: 31    XL:     16   Next: 34%
Magic:  15/15      EV: 15    Int: 10    God:    Wu Jian [******]
Gold:   2755       SH: 15    Dex:  9    Spells: 15/15 levels left

rFire   + .          .
                       - Unarmed
rCold   + + .        F - +4 kite shield of Yberynun {+Inv Str+3}
rNeg    . . .        i - +2 ice dragon scales
rPois   +            R - +1 hat "Boigo" {rF+}
rElec   .            D - +2 cloak
rCorr   .            (gloves unavailable)
SInv    .            (boots unavailable)
Will    +....        a - amulet of regeneration Stlth
                     e - ring of protection from fire
HPRegen 2.08/turn    U - ring of poison resistance
MPRegen 0.14/turn

%: no passive effects
@: in a heavenly storm, glowing, studying 2 skills, serpent's lash
A: large, unfitting armour, claws 3, regeneration 1, shaggy fur 1, tough skin 1
a: Renounce Religion, Evoke Invisibility, Wall Jump, Serpent's Lash, Heavenly
Storm


You were on level 2 of the Shoals.
You worshipped Wu Jian.
Wu Jian was exalted by your worship.
You visited 5 branches of the dungeon, and saw 25 of its levels.
You also visited: Ossuary and Ice Cave.

You collected 2755 gold pieces.

Inventory:

Hand Weapons
 b - a +2 war axe of flaming
 s - a +2 dagger of venom
Missiles
 l - 34 poisoned darts
 r - 11 boomerangs (quivered)
 A - a silver boomerang
 G - 5 curare-tipped darts
 K - 22 large rocks
 S - 2 throwing nets
 W - 4 atropa-tipped darts
Armour
 c - the +0 cloak of Qockocac {+Blink rPois Will- rCorr}
   (You found it on level 4 of the Lair of Beasts)

   rPois:     It protects you from poison.
   +Blink:    It lets you blink.
   rCorr:     It protects you from acid and corrosion.
   Will:      It decreases your willpower.
 i - +2 ice dragon scales (worn)
 t - a scarf of harm
 x - +2 acid dragon scales
 D - a +2 cloak (worn)
 F - the +4 kite shield of Yberynun (worn) {+Inv Str+3}
   (You acquired it on level 13 of the Dungeon)

   Str:       It affects your strength (+3).
   +Inv:      It lets you turn invisible.
 O - a +0 troll leather armour
 R - the +1 hat "Boigo" (worn) {rF+}
   (You acquired it on level 1 of the Lair of Beasts)

   rF:        It protects you from fire.
Magical Staves
 Q - a staff of earth
Jewellery
 a - an amulet of regeneration (around neck)
 e - a ring of protection from fire (left claw)
 U - a ring of poison resistance (right claw)
 X - an amulet of guardian spirit
 Z - an amulet of faith
Wands
 g - a wand of flame (30)
 k - a wand of digging (26)
 p - a wand of charming (12)
 L - a wand of quicksilver (4)
 M - a wand of polymorph (3)
 N - a wand of roots (7)
Scrolls
 j - 2 scrolls of brand weapon
 o - 6 scrolls of teleportation
 q - 4 scrolls of vulnerability
 u - a scroll of magic mapping
 v - 2 scrolls of summoning
 y - 2 scrolls of poison
 E - 3 scrolls of amnesia
 H - a scroll of immolation
 J - a scroll of silence
 V - a scroll of fear
 Y - 5 scrolls of identify
Potions
 f - 9 potions of curing
 h - 3 potions of mutation
 m - 2 potions of lignification
 n - 4 potions of flight
 w - a potion of might
 z - 2 potions of cancellation
 B - 6 potions of brilliance
 I - 2 potions of resistance
 T - 2 potions of magic
Miscellaneous
 d - a lightning rod (4/4)


   Skills:
 + Level 13.5 Fighting
 - Level 9.9 Dodging
 + Level 13.5 Shields
 * Level 21.4 Unarmed Combat


You had 15 spell levels left.
You didn't know any spells.
Your spell library contained the following spells:

 Spells                   Type           Power      Damage    Failure   Level
 Freeze                   Ice            0%         1d3       80%         1
 Necrotise                Necr           0%         1d4       80%         1
 Summon Small Mammal      Summ           0%         N/A       80%         1
 Cigotuvi's Dreadful Rot  Necr/Pois/Air  0%         N/A       90%         2
 Ensorcelled Hibernation  Hex/Ice        0%         N/A       90%         2
 Sublimation of Blood     Necr           0%         N/A       90%         2
 Wereblood                Tmut           0%         N/A       90%         2
 Call Canine Familiar     Summ           0%         N/A       99%         3
 Frozen Ramparts          Ice            0%         1d1       99%         3
 Hailstorm                Conj/Ice       0%         3d3       99%         3
 Spider Form              Tmut/Pois      0%         N/A       99%         3
 Summon Guardian Golem    Hex/Summ       0%         N/A       99%         3
 Vampiric Draining        Necr           0%         2d6       99%         3
 Anguish                  Hex/Necr       0%         N/A       100%        4
 Dispel Undead            Necr           0%         3d6       100%        4
 Summon Lightning Spire   Summ/Air       0%         N/A       100%        4
 Agony                    Necr           0%         N/A       100%        5
 Fireball                 Conj/Fire      0%         3d3       100%        5
 Iskenderun's Battlesphe  Conj           0%         2d6       100%        5
 Conjure Ball Lightning   Conj/Air       0%         3x3d6     100%        6
 Death Channel            Necr           0%         N/A       100%        6
 Orb of Destruction       Conj           0%         9d5       100%        7
 Storm Form               Tmut/Air       0%         N/A       100%        7
 Summon Hydra             Summ           0%         N/A       100%        7
 Maxwell's Capacitive Co  Air            0%         ∞         100%        8


Dungeon Overview and Level Annotations

Branches:
Dungeon (15/15)            Temple (1/1) D:7            Lair (5/5) D:9
 Shoals (2/4) Lair:3        Snake (0/4) Lair:2        Slime (0/5) Lair:5
    Orc (2/2) D:12            Elf (0/3) Orc:2        Vaults (0/5) D:13
 Depths (0/4) D:15        Ossuary (visited)           IceCv (visited)

Altars:
Ashenzari
Cheibriados
Dithmenos
Elyvilon
Fedhas
Gozag
Hepliaklqana
Kikubaaqudgha
Makhleb
Nemelex Xobeh
Okawaru
Qazlal
Ru
Sif Muna
Trog
Uskayaw
Vehumet
Wu Jian
Xom
Yredelemnul
Zin
The Shining One
Jiyva
Lugonu

Shops:
D:4 (   D:15 ?   Orc:2 [([?   Shoals:1 **

Portals:
Abyss: Lair:5

Annotations:
D:14 3 runed translucent doors, Weuhagh's ghost, journeyman KoHu
Shoals:1 3 runed translucent doors
Shoals:2 1 runed translucent door, Donald


Innate Abilities, Weirdness & Mutations

You are too large for most types of armour.
You have claws for hands.
Your natural rate of healing is unusually fast.
You are covered in fur. (AC +1)
You have tough skin. (AC +1)


Message History

As you read the scroll of fear, it crumbles to dust.
You assume a fearsome visage.
Donald resists with almost no effort.
The manticore looks frightened! x2; The wind drake looks frightened!
The merfolk impaler easily resists.
The manticore looks frightened!
The merfolk impaler easily resists.
You block Donald's attack. You block Donald's attack.
There is a stone staircase leading up here.
Donald hits you with a +3 scimitar of electrocution!
Donald says, "No way as a way?
Sounds like nonsense."
Donald hits you with a +3 scimitar of electrocution!!
* * * LOW HITPOINT WARNING * * *
The merfolk impaler hits you with a +0 morningstar of holy wrath!
* * * LOW HITPOINT WARNING * * *
You climb upwards.
Level annotation: 3 runed translucent doors
There is a stone staircase leading down here.
Okay, then.
Okay, then.
Okay, then.
Okay, then.
Okay, then.
Your muscles tense, ready for explosive movement...
You can't go up here!
You block Donald's attack.
The merfolk impaler hits you with a +0 morningstar of holy wrath.
* * * LOW HITPOINT WARNING * * *
You climb downwards.
Level annotation: 1 runed translucent door
There is a stone staircase leading up, spattered with blood here.
Okay, then.
The air is filled with shimmering golden clouds!
Sifu Xiang Ba says: The storm will not cease as long as you keep fighting, disciple!
You block Donald's attack.
The merfolk impaler hits you with a +0 morningstar of holy wrath!
* * * LOW HITPOINT WARNING * * *
You block the merfolk impaler's attack. The merfolk impaler barely misses you.
Donald hits you with a +3 scimitar of electrocution!
* * * LOW HITPOINT WARNING * * *
You are electrocuted!!
You die...

≈≈≈≈≈≈≈≈~~~~~~~~~..≈~~~....~
≈≈≈≈≈~~~~~~~~~~~~~~≈~~......
≈≈≈~~~~~~~......~~~≈~.......
≈≈~~~~~..........~~~k.......
≈≈~~~............~~~~.......
≈≈~~......#......~~~...~~~~~
≈~~~....###§☼§.......P.~~...
≈~~~....###§m§.P.......P.P..
~~~......☼§@§m..........P~~P
~~......~§§@§§.PP...H.....P~
~~.......☼§§§☼..P....)P~.PP~
~~~~~.........P.P....P...P..
≈~~~~.........~###+###~...~
≈≈~~~.~~~.....##


.tHm #.P. ≈≈≈~~~~~~.....# .... .. ≈≈≈≈≈~~~~~....# .... ≈~~~≈~~~~..# You could
see Donald (fast, strong) and 2 merfolk impalers.

Vanquished Creatures
  2 reapers (IceCv)
  A very ugly thing (IceCv)
  Azrael (D:14)
  2 entropy weavers (shapeshifter)
  An ice dragon (Lair:4)
  4 vault guards (D:13)
  4 hydras
  The ghost of LynnLen the Blinker, a journeyman SpEn of Nemelex Xobeh (Lair:5)
  4 caustic shrike simulacra (IceCv)
  2 ogre magi (D:15)
  4 centaur warriors
  2 merfolk aquamancers (Shoals:1)
  6 catoblepae
  5 boulder beetles
  A death knight (D:15)
  11 two-headed ogres
  11 death yaks
  4 tengu warriors
  Sonja (D:13)
  4 orc high priests
  6 skysharks
  The ghost of Mavenl the Cruncher, a novice DrCA of Ignis (D:8)
  2 sea snakes (Shoals:1)
  A bog body (IceCv)
  A spriggan simulacrum (IceCv)
  2 wizards (D:15)
  A necromancer (D:15)
  4 harpies (Shoals:1)
  2 obsidian statues (IceCv)
  A phantasmal warrior (D:15)
  4 orc knights (Orc:2)
  6 cyclopes
  2 oklob plants (Lair:5)
  6 deep elf pyromancers
  9 ugly things
  A worldbinder (Lair:5)
  The ghost of croobank the Trooper, a novice OpMo of Fedhas (D:5)
  7 orc sorcerers
  10 manticores
  4 elephants (Lair:5)
  2 merfolk sirens (Shoals:1)
  6 black mambas
  Joseph (D:8)
  10 cane toads
  An ice statue (Shoals:1)
  A smoke demon (Lair:5)
  A water nymph (Shoals:2)
  2 centaur skeletons (D:15)
  3 kobold demonologists
  A hellion (Lair:5)
  3 yaktaurs (D:15)
  A rime drake (Lair:1)
  4 komodo dragons
  3 unseen horrors
  An unseen horror zombie (D:8)
  3 golden dragon simulacra (IceCv)
  7 freezing wraiths
  An efreet (D:15)
  6 trolls
  An ice devil (IceCv)
  3 meliai (D:15)
  4 merfolk (Shoals:1)
  8 blink frogs
  2 wind drakes (Shoals:1)
  2 polar bears
  2 slime creatures (D:14)
  7 dream sheep (Lair:4)
  A centaur simulacrum (D:15)
  3 snapping turtles
  An air elemental (D:13)
  Sigmund (D:2)
  A shadow (D:11)
  61 yaks
  8 water elementals (Shoals:1)
  4 wyverns
  A spriggan (Lair:5)
  A vampire (D:13)
  A wraith (D:12)
  7 humans (D:13)
  A large abomination (Lair:5)
  An unseen horror simulacrum (D:8)
  2 steam dragons (D:6)
  2 basilisks
  3 fire elementals (D:14)
  2 minotaur simulacra (IceCv)
  4 wargs
  20 vampire mosquitoes
  Menkaure (D:6)
  2 hydra simulacra (IceCv)
  4 acid dragons
  2 hell hounds (D:14)
  12 water moccasins
  13 orc warriors
  3 black bears
  6 sky beasts
  6 ice beasts
  9 ogres
  An alligator simulacrum (IceCv)
  2 ettin simulacra (IceCv)
  4 wolves (Lair:3)
  11 centaurs
  A phantom (D:7)
  6 kobold brigands
  An elf zombie (Ossuary)
  4 bullfrogs
  A gnoll sergeant (D:10)
  2 scorpions (D:4)
  12 wights
  9 killer bees
  An electric eel (Lair:3)
  2 human zombies (Ossuary)
  4 jellies
  20 orc priests
  4 centaur zombies
  Crazy Yiuf (D:5)
  A gnoll bouda (D:7)
  Jessica (D:2)
  32 orc wizards
  A boggart zombie (D:15)
  10 iguanas
  2 sleepcaps
  A spectral killer bee (D:8)
  A hound zombie (D:5)
  2 mummies (Ossuary)
  Robin (D:2)
  A howler monkey skeleton (D:8)
  14 gnolls
  7 adders
  3 shadow imps
  An ufetubus (D:5)
  2 worms
  2 dart slugs
  70 orcs
  5 ball pythons
  7 endoplasms
  A giant cockroach (D:3)
  16 goblins
  9 hobgoblins
  6 quokkas
  6 bats
  4 frilled lizards
  3 goblin zombies (Ossuary)
  9 hobgoblin zombies (Ossuary)
  A jackal zombie (Ossuary)
  23 kobolds
  9 kobold zombies (Ossuary)
  10 orc zombies (Ossuary)
  4 rats
  A rat zombie (Ossuary)
763 creatures vanquished.

Vanquished Creatures (others)
  A human (D:13)
  A hound (D:6)
2 creatures vanquished.

Grand Total: 765 creatures vanquished

Notes
Turn   | Place    | Note
-------+----------+-------------------------------------------
     0 | D:1      | cheesebisquit the Troll Fighter began the quest for the
                  | Orb.
     0 | D:1      | Reached XP level 1. HP: 22/22 MP: 0/0
   149 | D:1      | Reached XP level 2. HP: 29/29 MP: 1/1
   666 | D:2      | Noticed Robin
   680 | D:2      | Killed Robin
   681 | D:2      | Reached skill level 3 in Unarmed Combat
   681 | D:2      | Reached XP level 3. HP: 14/36 MP: 2/2
   905 | D:2      | Noticed Jessica
   915 | D:2      | Killed Jessica
   916 | D:2      | Reached XP level 4. HP: 45/45 MP: 3/3
   937 | D:2      | Noticed Sigmund
   957 | D:2      | Killed Sigmund
   958 | D:2      | Reached skill level 4 in Unarmed Combat
   958 | D:2      | Reached XP level 5. HP: 18/53 MP: 4/4
  1460 | D:3      | Reached XP level 6. HP: 61/61 MP: 5/5
  1927 | D:4      | Reached skill level 5 in Unarmed Combat
  2063 | D:4      | Reached XP level 7. HP: 58/68 MP: 6/6
  2100 | D:4      | Found Anlemoro's Antique Weapon Shop.
  2142 | D:4      | Reached skill level 6 in Unarmed Combat
  2230 | D:4      | Found a hide-covered altar of Uskayaw.
  2433 | D:4      | You fall into a shaft and drop 2 floors!
  2438 | D:6      | Noticed a steam dragon
  2603 | D:6      | Found an iron altar of Okawaru.
  2605 | D:6      | Noticed a steam dragon
  2620 | D:6      | Killed a steam dragon
  2621 | D:6      | Reached skill level 5 in Shields
  2621 | D:6      | Reached XP level 8. HP: 27/79 MP: 7/7
  2688 | D:6      | Reached skill level 7 in Unarmed Combat
  2776 | D:5      | Entered Level 5 of the Dungeon
  3094 | D:5      | Reached skill level 5 in Fighting
  3119 | D:5      | Reached skill level 8 in Unarmed Combat
  3148 | D:5      | Found a stormy altar of Qazlal.
  3157 | D:5      | Found a blossoming altar of Fedhas.
  3478 | D:5      | Found a runed translucent gate.
  3478 | D:5      | Found a runed translucent gate.
  3478 | D:5      | Found a runed translucent gate.
  3478 | D:5      | Noticed croobank's ghost (novice OpMo)
  3480 | D:5      | Found a basalt altar of Yredelemnul.
  3688 | D:5      | Found a runed translucent door.
  3689 | D:5      | Noticed Crazy Yiuf
  3938 | D:5      | Killed croobank's ghost
  3939 | D:5      | Reached XP level 9. HP: 88/88 MP: 8/8
  3974 | D:5      | Killed Crazy Yiuf
  4056 | D:6      | Reached skill level 9 in Unarmed Combat
  4366 | D:6      | Noticed Menkaure
  4373 | D:6      | Killed Menkaure
  4681 | D:7      | Found a staircase to the Ecumenical Temple.
  4691 | Temple   | Entered the Ecumenical Temple
  4727 | Temple   | Became a worshipper of the Wu Jian Council
  4846 | D:7      | Found a sand-covered staircase.
  4852 | Ossuary  | Entered an ossuary
  4903 | Ossuary  | Reached * piety under Wu Jian
  5005 | Ossuary  | Reached skill level 10 in Unarmed Combat
  5109 | D:7      | Found a burning altar of Makhleb.
  5109 | D:7      | Found a shadowy altar of Dithmenos.
  5117 | D:7      | Found a sacrificial altar of Ru.
  5119 | D:7      | Found a sparkling altar of Nemelex Xobeh.
  5121 | D:7      | Found a shimmering altar of Xom.
  5282 | D:8      | Reached ** piety under Wu Jian
  5379 | D:8      | Noticed Joseph
  5380 | D:8      | Found a runed translucent gate.
  5380 | D:8      | Found a runed translucent gate.
  5380 | D:8      | Found a runed translucent gate.
  5389 | D:8      | Killed Joseph
  5390 | D:8      | Reached XP level 10. HP: 66/100 MP: 9/9
  5689 | D:8      | Reached skill level 11 in Unarmed Combat
  6165 | D:8      | Found a glowing silver altar of Zin.
  6165 | D:8      | Found an opulent altar of Gozag.
  6170 | D:8      | Found a snail-covered altar of Cheibriados.
  6170 | D:8      | Found a shimmering blue altar of Sif Muna.
  6276 | D:8      | Noticed Mavenl's ghost (novice DrCA)
  6291 | D:9      | Found a white marble altar of Elyvilon.
  6429 | D:9      | Found a staircase to the Lair.
  6663 | D:9      | Noticed a two-headed ogre
  6678 | D:9      | Killed a two-headed ogre
  6679 | D:9      | Reached XP level 11. HP: 98/109 MP: 10/10
  6816 | D:9      | Reached *** piety under Wu Jian
  6909 | D:9      | Reached skill level 12 in Unarmed Combat
  7452 | D:10     | Entered Level 10 of the Dungeon
  7673 | D:10     | Found a glowing golden altar of the Shining One.
  7879 | D:10     | Noticed a boulder beetle
  7897 | D:10     | Killed a boulder beetle
  7898 | D:10     | Reached skill level 5 in Dodging
  8428 | D:11     | Identified 2 scrolls of acquirement
  8428 | D:11     | Acquired a manual of Unarmed Combat
  8430 | D:11     | Acquired a manual of Dodging
  8557 | D:11     | Noticed a two-headed ogre
  8569 | D:11     | Reached **** piety under Wu Jian
  8572 | D:11     | Killed a two-headed ogre
  8679 | D:11     | Noticed a deep elf pyromancer
  8703 | D:11     | Killed a deep elf pyromancer
  8704 | D:11     | Reached skill level 13 in Unarmed Combat
  8970 | D:11     | Noticed a two-headed ogre
  8970 | D:11     | Noticed a two-headed ogre
  8974 | D:11     | Noticed a deep elf pyromancer
  8987 | D:11     | Killed a two-headed ogre
  8995 | D:11     | Noticed a boulder beetle
  9233 | D:11     | Killed a boulder beetle
  9255 | D:11     | Reached skill level 14 in Unarmed Combat
  9255 | D:11     | Reached XP level 12. HP: 85/120 MP: 11/11
  9479 | D:11     | Killed a two-headed ogre
  9758 | D:12     | Identified the +0 war axe "Bexauhif" {vamp, Will- Int+5
                  | Dex+4}
  9876 | D:12     | Reached skill level 15 in Unarmed Combat
 10002 | D:12     | Found a staircase to the Orcish Mines.
 11067 | D:8      | Killed Mavenl's ghost
 11150 | Lair:1   | Entered Level 1 of the Lair of Beasts
 11266 | Lair:1   | Reached skill level 16 in Unarmed Combat
 11486 | Lair:1   | Reached ***** piety under Wu Jian
 11742 | Lair:1   | Acquired the +1 hat "Boigo" {rF+}
 11767 | Lair:1   | Noticed a catoblepas
 11786 | Lair:1   | Killed a catoblepas
 12445 | Lair:2   | Reached skill level 10 in Shields
 12479 | Lair:2   | Reached XP level 13. HP: 127/131 MP: 12/12
 12940 | Lair:2   | Reached skill level 17 in Unarmed Combat
 12940 | Lair:2   | Found a staircase to the Snake Pit.
 13357 | Lair:3   | You fall into a shaft and drop 1 floor!
 13768 | Lair:3   | Found a staircase to the Shoals.
 13832 | Lair:3   | Reached skill level 18 in Unarmed Combat
 14934 | Lair:4   | Identified the +0 cloak of Qockocac {+Blink rPois Will-
                  | rCorr}
 15170 | Lair:5   | Entered Level 5 of the Lair of Beasts
 15206 | Lair:4   | Reached skill level 10 in Fighting
 15346 | Lair:5   | Reached XP level 14. HP: 120/143 MP: 13/13
 15523 | Lair:5   | Reached ****** piety under Wu Jian
 15619 | Lair:5   | Reached skill level 19 in Unarmed Combat
 15935 | Lair:5   | Found a viscous altar of Jiyva.
 15936 | Lair:5   | Found a staircase to the Slime Pits.
 16412 | Lair:5   | Found a transporter.
 16415 | Lair:5   | Found a one-way gate to the infinite horrors of the Abyss.
 16417 | Lair:5   | Noticed LynnLen's ghost (journeyman SpEn)
 16418 | Lair:5   | Found a transporter.
 17091 | Orc:1    | Entered Level 1 of the Orcish Mines
 17160 | Orc:2    | Entered Level 2 of the Orcish Mines
 17490 | Orc:2    | Found a staircase to the Elven Halls.
 17901 | Orc:2    | Found Jithext's Magic Scroll Boutique.
 17967 | Orc:2    | Found Jelynol's Antique Armour Shoppe.
 18071 | Orc:2    | Found Saisenocw's Weapon Shoppe.
 18073 | Orc:2    | Found Ekyr's Armour Boutique.
 18318 | Orc:1    | Found a bloodstained altar of Trog.
 19423 | Lair:5   | Noticed a brown very ugly thing
 19439 | Lair:5   | Killed LynnLen's ghost
 19870 | D:13     | Noticed Sonja
 19934 | D:13     | Reached skill level 20 in Unarmed Combat
 19939 | D:13     | Acquired the +4 kite shield of Yberynun {+Inv Str+3}
 20203 | D:13     | Paralysed by an air elemental for 1 turns
 20207 | D:13     | Paralysed by an air elemental for 1 turns
 20356 | D:13     | Identified the +5 great sword "Qietsoh" {drain, +Blink
                  | rPois}
 20381 | D:13     | Reached XP level 15. HP: 133/154 MP: 14/14
 20454 | D:13     | Found a gate to the Vaults.
 20522 | D:13     | Killed Sonja
 21476 | D:14     | Found an iron altar of Okawaru.
 21573 | D:14     | Found a runed translucent gate.
 21574 | D:14     | Found a runed translucent gate.
 21574 | D:14     | Noticed Weuhagh's ghost (journeyman KoHu)
 21579 | D:14     | Found a runed translucent gate.
 21688 | D:14     | Noticed Azrael
 21703 | D:14     | Killed Azrael
 22041 | D:15     | Entered Level 15 of the Dungeon
 22224 | D:15     | Found a staircase to the Depths.
 22285 | D:15     | Found a broken altar of Ashenzari.
 22513 | D:15     | Found Miath's Magic Scroll Shop.
 22533 | D:15     | Reached skill level 21 in Unarmed Combat
 22555 | D:15     | Paralysed by something for 3 turns
 22581 | D:15     | Paralysed by something for 5 turns
 23332 | D:9      | Found a staircase to the Lair.
 23807 | D:9      | Found a white marble altar of Elyvilon.
 24090 | Shoals:1 | Entered Level 1 of the Shoals
 24167 | Shoals:1 | Found a frozen archway.
 24179 | IceCv    | Entered an ice cave
 24762 | IceCv    | Reached XP level 16. HP: 167/167 MP: 15/15
 25571 | Shoals:1 | Found a runed translucent gate.
 25576 | Shoals:1 | Found a runed translucent gate.
 25577 | Shoals:1 | Found a runed translucent gate.
 25913 | Shoals:1 | Found Lilyqot's General Store.
 25917 | Shoals:1 | Found Bycw's Specific Store.
 26372 | Shoals:2 | Identified the +0 kite shield of Hadjma {Will+ Dex+3}
 26372 | Shoals:2 | Noticed Donald
 26480 | Shoals:2 | Found a runed translucent door.
 26530 | Shoals:2 | Mangled by Donald

Illustrated notes

Levels and vault maps discovered:
D:1:      lightli_arrival_chessboard, layout_loops_ring
D:2:      layout_loops_cross, uniq_robin, uniq_jessica, uniq_sigmund
D:3:      layout_rooms, serial_glass, glass_columns_c, glass_columns_a,
          glass_columns_a
D:4:      minmay_spotlight, layout_basic, amcnicky_altar_gilded, serial_shops,
          nicolae_shop_tiny_statue_garden, lightli_corner_chamber
D:5:      layout_gridville, grunt_temple_overflow_forces_of_nature,
          nicolae_yredelemnul_ghost_church, uniq_crazy_yiuf_cottage
D:6:      layout_cave_pools, lemuel_crystal_altar, uniq_menkaure
D:7:      layout_rooms, chequers_temple_overflow_minitemple,
          minmay_temple_entry_slanted, nicolae_ossuary_entry_plus
D:8:      layout_loops_ring, mainiacjoe_overflow_alcove_3,
          gammafunk_ghost_necromancy, uniq_joseph
D:9:      layout_layer_cave, overflow_temple_1_default,
          erik_lair_orcish_takeover, minmay_misc_feat_plants,
          corexii_checkpoint_a
D:10:     layout_roguey, tso_altar
D:11:     layout_cave_pods, minmay_pinched_square
D:12:     layout_stronghold, orc_0_dummy, grunt_ministairs_6
D:13:     layout_grid_maze, ximxim_vaults_locker_room,
          dreamdust_looks_like_rain, uniq_sonja
D:14:     layout_basic, glass_columns_a, gammafunk_ghost_split, okawaru_trees_2,
          uniq_azrael
D:15:     grunt_enter_depths_magical_seal, layout_irregular_city,
          nicolae_ashenzari_panopticon, serial_shops, shop,
          minmay_misc_feat_hallway, hangedman_decor_peaks_small, drop_trap
Temple:   corrupted_temple
Lair:1:   layout_layer_cave
Lair:2:   layout_roguey, dummy_snake_entry, serial_forest,
          infiniplex_forest_zigzag_1, infiniplex_forest_zigzag_1,
          infiniplex_forest_clump_cross, infiniplex_forest_end_double,
          minmay_stone_trees_medium, hangedman_lair_unloving_vines
Lair:3:   layout_gridlike, minmay_shoals_entry_hut
Lair:4:   dragon1_lemuel, layout_loops_ring
Lair:5:   evilmike_catoblepas_cave, layout_hall_layers,
          minmay_slime_entry_oklob_enclosed, gammafunk_ghost_abyssal_escape,
          grunt_megastairs_1
Shoals:1: layout_shoals, portal_ice_cave_entry_ice_statue_one,
          nicolae_specific_store, nicolae_shoals_lost_giant_amphitheater,
          nicolae_shoals_beach_cooler
Shoals:2: layout_shoals, lightli_airlock, uniq_mlioglotl, uniq_donald
Orc:1:    minmay_goldmine, layout_diamond_mine, basic_altar,
          nicolae_orc_crystal_geode
Orc:2:    st_orc_elflike, layout_diamond_mine

Skill      XL: |  1  2  3  4  5  6  7  8  9 10 11 12 13 14 15 16 |
---------------+-------------------------------------------------+-----
Shields        | 3 4 5 6 7 8 9 10 11 12 13 | 13.5
Unarmed Combat | 3 4 5 6 8 10 11 14 16 18 20 21 | 21.4
Fighting       | 3 4 5 6 7 8 9 10 11 12 13 | 13.5
Dodging        | 4 6 8 9 |  9.9

Action                     |  1- 3 |  4- 6 |  7- 9 | 10-12 | 13-15 | 16-18 || total
---------------------------+-------+-------+-------+-------+-------+-------++-------
  Melee: Unarmed           |    90 |   120 |   349 |   659 |  1229 |   164 ||  2611
         Morningstar       |       |       |       |       |    12 |       ||    12
         War axe           |       |       |       |       |    15 |       ||    15
  Throw: Dart              |       |     5 |    16 |     7 |    84 |       ||   112
         Boomerang         |       |       |    29 |    42 |    77 |       ||   148
         Large rock        |       |       |       |       |     5 |       ||     5
         Throwing net      |       |       |       |       |     2 |       ||     2
 Invoke: Heavenly Storm    |       |       |       |       |     2 |     1 ||     3
         Serpent's Lash    |       |       |       |       |       |     1 ||     1
Ability: Lunge             |       |       |    13 |    44 |   105 |    14 ||   176
         Whirlwind         |       |       |     2 |    22 |   124 |    11 ||   159
  Evoke: Wand              |       |     3 |     1 |       |    11 |     3 ||    18
    Use: Potion            |     1 |       |     3 |     4 |     9 |     1 ||    18
         Scroll            |       |       |    17 |    21 |    11 |     3 ||    52
   Stab: Invisible         |       |       |       |     1 |       |       ||     1
         Petrified         |       |       |       |       |     3 |       ||     3
         Petrifying        |       |       |       |       |     2 |       ||     2
 Armour: Robe              |    14 |       |     4 |       |       |       ||    18
         Animal skin       |     7 |    23 |    14 |       |       |       ||    44
         Acid dragon scale |       |       |    75 |   224 |    46 |       ||   345
         Steam dragon scal |       |       |     8 |       |       |       ||     8
         Ice dragon scales |       |       |       |       |   308 |    39 ||   347
  Dodge: Dodged            |    15 |    32 |   108 |   146 |   282 |    44 ||   627
  Block: Kite shield       |    25 |    37 |   132 |   313 |   614 |   101 ||  1222
